Map: [ESL] Hard Lead

Players

Kelazhur - Winner!

  • Race: Terran Terran
  • Spawn Location: 11:00

Cham

  • Race: Zerg Zerg
  • Spawn Location: 5:00

Event: ESL SC2 Masters 2023 Winter (Regional)

VOD

Have the link to the VOD?

Description

Time

  • Played on: Oct. 28, 2023, 2:34 p.m.
  • Length: 9:05

All games in this series

Show
View Real Time Build Order
Export as new Build Order

Kelazhur Terran - Winner!

Build Orders: Reaper Expand 

Get SALT Encoding   

  12  0:00  SCV  
  13  0:12  SCV  
  14  0:17  Supply Depot  
  14  0:24  SCV  
  15  0:38  SCV  
  15  0:39  Barracks  
  16  0:43  Refinery  
  16  0:50  SCV  
  17  1:02  SCV  
  18  1:15  SCV  
  19  1:27  Orbital Command, Reaper  
  20  1:37  Command Center  
  20  1:51  Supply Depot  
  20  1:52  SCV  
  21  1:59  Marine  
  22  2:04  Factory  
  22  2:05  SCV  
  23  2:17  SCV  
  23  2:21  Barracks Reactor  
  24  2:30  SCV  
  25  2:38  Command Center  
  25  2:42  SCV  
  26  2:50  Orbital Command  
  26  2:54  SCV  
  27  3:02  Hellion x2  
  31  3:07  SCV  
  31  3:08  Starport  
  32  3:16  SCV  
  32  3:19  SCV  
  34  3:21  Refinery  
  34  3:23  Cyclone  
  36  3:27  Hellion  
  36  3:28  Barracks Tech Lab, SCV  
  36  3:31  SCV  
  40  3:41  SCV  
  41  3:43  SCV  
  42  3:53  Hellion, SCV  
  47  3:55  Orbital Command, Hellion, SCV  
  47  3:58  Banshee  
  51  4:05  SCV  
  51  4:08  SCV  
  52  4:12  Bunker  
  52  4:17  SCV  
  52  4:19  Barracks  
  52  4:20  Barracks, SCV  
  52  4:23  SCV  
  55  4:26  Factory Tech Lab, Marine x2  
  55  4:29  SCV  
  58  4:32  SCV  
  58  4:33  Supply Depot  
  58  4:35  SCV  
  60  4:41  SCV  
  60  4:44  SCV, Marine x2  
  67  4:47  SCV  
  68  4:53  SCV  
  68  4:56  SCV  
  68  4:59  SCV  
  71  5:01  Marine  
  71  5:02  Marine  
  71  5:05  SCV  
  74  5:07  Siege Tank  
  74  5:10  Supply Depot  
  74  5:12  Supply Depot  
  74  5:13  SCV x2, Marine x2  
  81  5:18  SCV  
  81  5:19  Marine x2  
  76  5:28  SCV  
  76  5:29  SCV  
  76  5:32  SCV  
  79  5:37  Marine x2  
  79  5:41  SCV, Refinery x2  
  79  5:42  Engineering Bay x2  
  82  5:44  Barracks Tech Lab, Starport  
  82  5:47  SCV  
  81  5:58  Stimpack  
  81  5:59  Marauder, Marine x2  
  81  6:00  SCV  
  81  6:03  Marauder  
  88  6:09  SCV  
  85  6:15  Combat Shield  
  81  6:20  SCV x2  
  81  6:21  Barracks, SCV  
  81  6:23  Barracks  
  81  6:25  Barracks  
  84  6:26  Barracks  
  84  6:27  Marine x3  
  84  6:29  Starport Reactor, Factory Tech Lab  
  84  6:32  Marine  
  88  6:33  SCV  
  88  6:37  Supply Depot  
  89  6:44  SCV  
  89  6:45  Marine x2  
  92  6:48  Siege Tank  
  92  6:50  SCV  
  96  6:55  Supply Depot  
  96  6:56  Supply Depot  
  96  6:58  SCV  
  96  7:00  Marine  
  96  7:01  Marauder  
  100  7:11  Marine x2  
  100  7:12  Medivac x2  
  100  7:13  Marine x3  
  100  7:14  Marine  
  109  7:17  Supply Depot, SCV  
  109  7:18  Orbital Command, Marine  
  109  7:20  Siege Tank  
  114  7:30  SCV  
  114  7:31  Marine  
  114  7:32  Marine x6  
  114  7:33  Supply Depot  
  114  7:36  Marine  
  124  7:37  SCV  
  124  7:39  Supply Depot x2  
  124  7:42  SCV  
  124  7:44  Missile Turret  
  125  7:49  Medivac x2, Marine  
  125  7:50  Marine x3  
  133  7:54  Refinery  
  133  7:55  Marine x2  
  135  8:00  Siege Tank  
  138  8:07  SCV  
  138  8:09  Marauder  
  134  8:23  Marauder  
  134  8:25  Marine x6  
  122  8:30  Marine  
  122  8:32  Siege Tank  
  122  8:33  Armory  
  122  8:41  Refinery  
  122  8:43  Marine x7  
  122  8:46  Command Center  
Show
View Real Time Build Order
Export as new Build Order

Cham Zerg 

Build Orders: Hatch First 

Get SALT Encoding   

  12  0:00  Drone  
  13  0:12  Overlord  
  13  0:17  Drone  
  14  0:31  Drone x2  
  16  0:48  Hatchery  
  15  0:51  Drone  
  15  0:54  Drone  
  17  0:58  Drone  
  18  1:11  Spawning Pool  
  18  1:13  Extractor  
  18  1:16  Drone  
  17  1:19  Drone  
  18  1:28  Drone  
  19  1:39  Drone  
  20  1:49  Drone  
  21  1:59  Queen x2  
  21  2:00  Zergling x4  
  27  2:10  Overlord  
  27  2:11  Drone  
  28  2:29  Drone x2  
  29  2:33  Drone x2  
  29  2:35  Lair  
  30  2:37  Extractor  
  30  2:42  Roach Warren  
  28  2:45  Drone x2  
  30  2:51  Pneumatized Carapace  
  30  2:53  Drone  
  30  2:56  Drone  
  32  3:08  Drone x4  
  32  3:10  Overlord  
  36  3:13  Overlord  
  36  3:17  Overlord  
  36  3:28  Roach x3  
  36  3:32  Roach  
  44  3:34  Roach  
  46  3:42  Roach x2  
  46  3:47  Roach  
  52  3:51  Overlord  
  52  3:54  Roach  
  54  3:58  Roach  
  54  4:02  Roach  
  58  4:08  Roach  
  58  4:09  Overlord  
  60  4:11  Roach  
  62  4:19  Queen  
  62  4:23  Queen  
  66  4:30  Drone x4  
  70  4:52  Drone x5  
  73  4:58  Drone  
  73  4:59  Hatchery  
  71  5:02  Overlord  
  70  5:11  Drone x2  
  72  5:15  Evolution Chamber  
  72  5:16  Extractor x2, Overlord  
  72  5:18  Evolution Chamber  
  66  5:32  Drone x3  
  66  5:33  Drone x2  
  67  5:36  Drone  
  67  5:41  Glial Reconstitution  
  68  5:43  Zerg Ground Armor Level 1  
  68  5:44  Zerg Missile Weapons Level 1  
  68  5:46  Roach x3  
  68  5:48  Overlord  
  68  5:49  Roach  
  78  5:57  Roach  
  78  6:00  Roach  
  78  6:11  Drone x3  
  75  6:12  Drone x3  
  75  6:15  Drone  
  79  6:20  Drone x2  
  79  6:21  Queen  
  79  6:23  Drone x2  
  79  6:25  Drone  
  86  6:34  Overlord  
  86  6:36  Drone  
  86  6:37  Drone  
  88  6:47  Drone x3, Roach x2  
  91  6:48  Drone  
  94  6:54  Roach x3  
  94  6:55  Roach  
  94  6:56  Overlord  
  94  6:59  Overlord  
  102  7:04  Roach  
  104  7:11  Roach  
  104  7:12  Overlord x2  
  104  7:13  Overlord  
  104  7:15  Roach x2  
  106  7:17  Roach  
  108  7:24  Roach x3  
  108  7:26  Overlord x2  
  114  7:30  Overlord  
  114  7:31  Roach  
  114  7:36  Roach x3  
  122  7:41  Roach x2  
  122  7:42  Ravager x5  
  122  7:43  Ravager  
  122  7:44  Ravager  
  133  7:45  Roach  
  139  7:51  Roach x3  
  139  7:53  Roach  
  139  7:56  Roach  
  145  8:02  Roach x2  
  145  8:03  Roach x2  
  151  8:09  Roach  
  151  8:10  Roach x2  
  151  8:11  Overseer  
  151  8:12  Roach  
  161  8:13  Roach  
  161  8:19  Roach  
  158  8:20  Roach x2  
  158  8:25  Roach x3  
  138  8:28  Roach  
  138  8:31  Roach  
  138  8:33  Roach  
  118  8:38  Roach x2  
  118  8:39  Overlord  
  122  8:41  Roach  
  122  8:42  Roach  
  122  8:44  Roach  
  128  8:48  Drone  
  128  8:49  Drone x3  
Tags
 
Add a new tag
Caveats
  • Supply blocks, unpowered buildings, or Contaminate may cause inaccurate times.
  • Supply counts are checked every 10 seconds.